 Dungeon Crawl Stone Soup version 0.31-a0-369-g8eba5f6939 (webtiles) character file.

Game seed: 6583464643834052424

91 Shard1697 the Chopper (level 4, 0/38 HPs)
             Began as an Armataur Gladiator on July 28, 2023.
             Slain by a kobold brigand
             ... wielding a +0 short sword
              (4 damage)
             ... in a sewer.
             The game lasted 00:02:27 (1581 turns).

Shard1697 the Chopper (Armataur Gladiator)          Turns: 1581, Time: 00:02:28

Health: 0/38       AC: 12    Str: 28    XL:     4   Next: 33%
Magic:  4/4        EV:  5    Int:  8    God:
Gold:   23         SH:  0    Dex: 11    Spells: 3/3 levels left

rFire   + . .        a - +0 war axe
rCold   . . .        (no shield)
rNeg    . . .        p - +0 chain mail
rPois   .            c - +0 helmet
rElec   .            (no cloak)
rCorr   .            (no gloves)
SInv    .            m - +0 barding
Will    .....        (no amulet) Stlth
                     f - ring of protection from fire
HPRegen 0.26/turn    h - +6 ring of strength
MPRegen 0.09/turn

%: roll
@: mighty
A: large, rugged brown scales 3, deformed body, armoured tail, roll, long
tongue, awkward tongue, mutation resistance 1
a: no special abilities


You were in a sewer.
You visited 1 branch of the dungeon, and saw 3 of its levels.
You also visited: Sewer.

You collected 23 gold pieces.

Inventory:

Hand Weapons
 a - a +0 war axe (weapon)
Missiles
 d - 3 throwing nets (quivered)
 e - a javelin
Armour
 c - a +0 helmet (worn)
 m - a +0 barding (worn)
 p - a +0 chain mail (worn)
Jewellery
 f - a ring of protection from fire (left hand)
 h - a +6 ring of strength (right hand)
Scrolls
 k - a scroll of fog {unknown}
 l - a scroll of teleportation {unknown}
 o - a scroll of identify {unknown}
Potions
 b - a potion of cancellation {unknown}
 g - a potion of haste {unknown}
 i - a potion of mutation
 j - a potion of attraction {unknown}
 n - a potion of might


   Skills:
 - Level 1.7 Fighting
 + Level 4.3 Axes
 - Level 1.7 Throwing
 - Level 2.1 Dodging


You had 3 spell levels left.
You didn't know any spells.
Your spell library contained the following spells:

 Spells                   Type           Power      Damage    Failure   Level
 Blink                    Tloc           0%         N/A       97%         2
 Lesser Beckoning         Tloc           0%         N/A       97%         2
 Momentum Strike          Conj/Tloc      0%         3d8       97%         2
 Sublimation of Blood     Necr           0%         N/A       97%         2
 Gell's Gravitas          Tloc           0%         N/A       100%        3
 Ozocubu's Armour         Ice            0%         N/A       100%        3
 Teleport Other           Tloc           0%         N/A       100%        3
 Petrify                  Tmut/Erth      0%         N/A       100%        4
 Irradiate                Conj/Tmut      0%         3d11      100%        5
 Ozocubu's Refrigeration  Ice            0%         4d7       100%        7


Dungeon Overview and Level Annotations

Branches:
Dungeon (3/15)              Sewer (1/1)

Altars:
Uskayaw

Annotations:
D:1 1 transporter


Innate Abilities, Weirdness & Mutations

You are completely covered in rugged brown scales. (AC +3, +7% HP)
Armour fits poorly on your strangely shaped body.
You have a long armoured tail.
You roll when moving toward enemies. (Rampage)
Your long tongue fully drains potion bottles. (2x potion effects)
Your tongue gives you trouble enunciating. (1.5x scroll delay)
You are somewhat resistant to further mutation.


Message History

You closely miss the kobold brigand.
The kobold brigand is moderately wounded.
You barely miss the kobold brigand.
The kobold brigand hits you but does no damage. x2
You slash the kobold brigand!
Your tail-slap misses the kobold brigand.
The kobold brigand is severely wounded.
You closely miss the kobold brigand.
The kobold brigand hits you but does no damage.
The kobold brigand hits you with a +0 club.
You barely miss the kobold brigand.
The kobold brigand is severely wounded.
You slash the kobold brigand!
The kobold brigand hits you but does no damage. x3
The kobold brigand hits you with a +0 short sword.
You hit the kobold brigand.
Your tail-slap misses the kobold brigand.
The kobold brigand is severely wounded.
You hit the kobold brigand.
The kobold brigand hits you but does no damage.
The kobold brigand hits you with a +0 club.
* * * LOW HITPOINT WARNING * * *
It was a potion of mutation.
You feel extremely strange.
You feel genetically stable.
You slurp down every last drop of the potion of mutation!
The kobold brigand hits you with a +0 short sword.
* * * LOW HITPOINT WARNING * * *
The kobold brigand hits you but does no damage.
It was a potion of might.
You feel very mighty all of a sudden.
You slurp down every last drop of the potion of might!
The kobold brigand hits you with a +0 short sword.
* * * LOW HITPOINT WARNING * * *
The kobold brigand hits you but does no damage.
You barely miss the kobold brigand.
The kobold brigand is severely wounded.
You closely miss the kobold brigand.
The kobold brigand hits you but does no damage.
The kobold brigand hits you with a +0 short sword.
You die...

###### ###### #....#
#[...# #..∩.# #.∩..#
#....# ###....#
#.KK.#~≈~#.)))#
###)@##~~~##)'##
#..~~~~~≈~#~)).###
#..P~P#~≈~#~~~...#
#...~~#~≈~#~.~...##
#..~~P#~≈~#.......#
#.....#~≈~#~......#
#.....#~~~#~.P....#
##....#~≈~#~~P....##
##..~P#~≈~#~~~.....#


You could see 2 kobold brigands.

Vanquished Creatures
  A gnoll (D:1)
  2 adders (D:2)
  2 worms
  5 endoplasms
  4 goblins
  3 hobgoblins (D:1)
  3 jackals (D:1)
  2 quokkas
  7 ball pythons
  4 bats
  8 frilled lizards
  10 kobolds
  7 rats
58 creatures vanquished.

Notes
Turn   | Place    | Note
-------+----------+-------------------------------------------
     0 | D:1      | Shard1697 the Armataur Gladiator began the quest for the
                  | Orb.
     0 | D:1      | Reached XP level 1. HP: 18/18 MP: 1/1
   287 | D:1      | Reached skill level 3 in Axes
   287 | D:1      | Reached XP level 2. HP: 25/25 MP: 2/2
   791 | D:1      | Reached XP level 3. HP: 27/31 MP: 3/3
  1035 | D:2      | Reached skill level 4 in Axes
  1102 | D:2      | Found a hide-covered altar of Uskayaw.
  1113 | D:2      | You fall into a shaft and drop 1 floor!
  1270 | D:3      | Reached XP level 4. HP: 35/38 MP: 4/4
  1334 | D:3      | Found a glowing drain.
  1346 | Sewer    | Entered a sewer
  1570 | Sewer    | Noticed a kobold brigand
  1570 | Sewer    | Noticed a kobold brigand
  1579 | Sewer    | Gained mutation: You are somewhat resistant to further
                  | mutation. [potion of mutation]
  1581 | Sewer    | Slain by a kobold brigand

Illustrated notes

Levels and vault maps discovered:
D:1:      spicycebolla_arrival_risky_transporter, layout_basic
D:2:      kennysheep_the_goblin_king, layout_basic, basic_altar, uniq_terence
D:3:      layout_loops_corners, gammafunk_temple_overflow_statue,
          cheibrodos_sewer_entry_bend
Sewer:    kennysheep_pipe_town

Skill      XL: |  1  2  3 |
---------------+----------+-----
Axes           | 3 4 |  4.3
Fighting       | |  1.7
Throwing       | |  1.7
Dodging        | |  2.1

Action                     |  1- 3 |  4- 6 || total
---------------------------+-------+-------++-------
  Melee: War axe           |   112 |    36 ||   148
         Tailslap          |     7 |     3 ||    10
    Use: Potion            |       |     2 ||     2
 Armour: Leather armour    |    61 |    21 ||    82
         Chain mail        |       |    23 ||    23
  Dodge: Dodged            |    53 |    10 ||    63

Table legend: (Time is in decaauts)
 A = Elapsed time spent in this place.
 B = Non-inter-level travel time spent in this place.
 C = Inter-level travel time spent in this place.
 D = Time resting spent in this place.
 E = Time spent auto-exploring this place.
 F = Levels seen in this place.
 G = Mean time per level.
                   A        B        C        D        E       F      G
               +--------+--------+--------+--------+--------+-----+--------+
         Total |   1627 |   1458 |    169 |      0 |    994 |   4 |  406.8 |
       Dungeon |   1383 |   1214 |    169 |      0 |    846 |   3 |  461.0 |
         Sewer |    244 |    244 |      0 |      0 |    148 |   1 |  244.0 |
               +--------+--------+--------+--------+--------+-----+--------+

Top non-repeatable levels by time:
     D:1: 948 daAuts
   Sewer: 244 daAuts
     D:3: 236 daAuts
     D:2: 198 daAuts
